Map: [TLMC15] Hardwire

Players

Neeb

  • Race: Protoss Protoss

Clem - Winner!

  • Race: Terran Terran

Event: DreamHack SC2 Masters 2021 Winter

VOD

Have the link to the VOD?

Description

Time

  • Played on: Nov. 10, 2021, 10:34 a.m.
  • Length: 17:18
Show
View Real Time Build Order
Export as new Build Order

Neeb Protoss 

Build Orders: 1 Gate Expand, Oracle Opening, Phoenix Opening, Zealot Archon 

Get SALT Encoding   

  12  0:00  Probe  
  13  0:12  Probe  
  14  0:18  Pylon  
  14  0:24  Probe (Chrono Boost)  
  15  0:36  Probe (Chrono Boost)  
  15  0:38  Gateway  
  16  0:44  Probe (Chrono Boost)  
  16  0:46  Assimilator  
  17  0:51  Probe  
  18  1:03  Probe  
  19  1:15  Probe  
  20  1:23  Nexus  
  20  1:35  Cybernetics Core  
  20  1:36  Probe  
  21  1:40  Assimilator  
  21  1:48  Probe  
  21  1:50  Pylon  
  22  2:00  Probe (Chrono Boost)  
  23  2:08  Adept (Chrono Boost)  
  23  2:10  Probe (Chrono Boost)  
  23  2:15  Probe (Chrono Boost)  
  26  2:18  Stargate  
  27  2:27  Warp Gate  
  27  2:28  Probe (Chrono Boost)  
  28  2:31  Adept  
  28  2:35  Probe (Chrono Boost)  
  33  2:44  Probe x2 (Chrono Boost)  
  33  2:49  Probe (Chrono Boost)  
  33  2:51  Probe  
  35  3:00  Oracle (Chrono Boost)  
  35  3:01  Probe  
  35  3:03  Probe  
  35  3:04  Adept, Pylon  
  42  3:13  Probe  
  42  3:15  Probe  
  44  3:25  Probe  
  45  3:27  Probe  
  45  3:30  Gateway x2  
  45  3:32  Phoenix  
  48  3:37  Probe  
  48  3:39  Probe  
  50  3:49  Probe  
  50  3:51  Probe  
  52  3:57  Phoenix  
  54  4:06  Nexus  
  54  4:08  Pylon  
  54  4:12  Pylon  
  54  4:15  Assimilator  
  54  4:17  Assimilator  
  54  4:25  Probe  
  54  4:26  Phoenix, Probe  
  54  4:37  Probe (Chrono Boost)  
  55  4:38  Probe (Chrono Boost)  
  55  4:49  Probe (Chrono Boost)  
  55  4:50  Probe (Chrono Boost), Pylon  
  55  4:51  Phoenix  
  59  4:54  Probe (Chrono Boost)  
  59  4:55  Probe (Chrono Boost)  
  59  4:57  Forge  
  59  4:58  Twilight Council  
  61  5:03  Probe (Chrono Boost)  
  63  5:08  Probe (Chrono Boost)  
  64  5:15  Probe (Chrono Boost)  
  64  5:16  Phoenix  
  64  5:17  Protoss Ground Armor Level 1 (Chrono Boost)  
  64  5:19  Robotics Facility  
  64  5:20  Probe x2 (Chrono Boost)  
  67  5:23  Charge (Chrono Boost)  
  67  5:24  Probe  
  67  5:27  Gateway  
  69  5:28  Gateway  
  69  5:29  Probe  
  69  5:30  Gateway  
  69  5:32  Probe  
  71  5:36  Probe  
  71  5:41  Probe  
  73  5:45  Probe  
  73  5:48  Probe  
  75  5:53  Probe  
  78  5:57  Probe  
  78  5:59  Gateway  
  78  6:00  Probe  
  78  6:01  Gateway  
  78  6:02  Templar Archives  
  78  6:05  Probe  
  78  6:07  Observer, Gateway  
  78  6:09  Sentry  
  78  6:10  Gateway, Shield Battery  
  82  6:13  Zealot  
  82  6:15  Probe  
  85  6:24  Sentry  
  85  6:25  Zealot  
  89  6:27  Pylon  
  89  6:28  Pylon  
  89  6:33  Observer  
  89  6:37  Zealot  
  92  6:40  Pylon  
  92  6:43  Pylon  
  92  6:45  Phoenix, Pylon  
  94  6:50  Zealot x4  
  94  6:51  Zealot  
  102  6:56  Warp Prism  
  102  6:57  Probe x3  
  102  7:01  Zealot x2  
  101  7:09  Probe x2  
  101  7:10  Probe  
  104  7:18  Zealot x5  
  106  7:25  Phoenix  
  106  7:29  Zealot, High Templar x2  
  114  7:34  Archon  
  114  7:36  Zealot x2  
  118  7:41  Zealot x5  
  128  7:46  Pylon  
  128  7:51  Phoenix  
  130  8:04  High Templar x2  
  130  8:05  Zealot x3  
  140  8:09  Pylon  
  140  8:10  Pylon  
  140  8:11  Pylon  
  138  8:16  Archon  
  138  8:17  Zealot  
  138  8:31  Zealot x7  
  130  8:35  Probe  
  127  8:41  Phoenix  
  127  8:48  Zealot x3  
  127  8:50  Probe, Protoss Ground Armor Level 2 (Chrono Boost)  
  122  8:57  Zealot x7  
  122  9:01  Probe  
  122  9:02  Probe  
  128  9:06  Phoenix  
  118  9:10  Probe  
  118  9:13  Observer, Assimilator  
  118  9:14  Assimilator  
  119  9:25  High Templar x3  
  119  9:27  Zealot x5, High Templar  
  119  9:31  Phoenix, Archon  
  137  9:32  Photon Cannon  
  137  9:34  Archon  
  137  9:38  Probe x3  
  142  9:50  Probe  
  143  9:59  Robotics Bay  
  143  10:02  Stalker x3  
  143  10:03  Robotics Facility  
  143  10:06  Photon Cannon  
  149  10:07  Shield Battery  
  149  10:08  Immortal (Chrono Boost)  
  153  10:14  Pylon  
  153  10:19  Photon Cannon  
  149  10:28  Stalker x5  
  157  10:42  Immortal (Chrono Boost)  
  155  10:51  Colossus (Chrono Boost)  
  155  10:52  Extended Thermal Lance  
  161  11:02  Zealot x6  
  159  11:21  Colossus (Chrono Boost)  
  161  11:26  Zealot x4  
  161  11:27  Zealot x3  
  143  11:35  Zealot x3  
  115  11:49  Sentry x3  
  115  11:50  Zealot x4  
  113  12:03  Zealot x3  
  118  12:11  Colossus (Chrono Boost)  
  116  12:16  Stalker x2  
  116  12:18  Blink (Chrono Boost)  
  116  12:20  Disruptor  
  123  12:28  Protoss Ground Weapons Level 1 (Chrono Boost)  
  123  12:30  Dark Shrine  
  123  12:41  Zealot x5  
  123  12:42  Zealot  
  135  12:53  Disruptor (Chrono Boost)  
  135  12:54  Observer  
  138  13:01  Observer (Chrono Boost)  
  138  13:05  Pylon  
  139  13:07  Zealot x2  
  139  13:08  Zealot x2  
  139  13:12  High Templar x2  
  151  13:13  Disruptor  
  154  13:22  Archon, Disruptor, Shield Battery  
  157  13:27  Zealot x4  
  154  13:48  Disruptor  
  157  13:57  Dark Templar, Disruptor  
  157  13:58  Dark Templar x3  
  157  14:02  Zealot x2  
  170  14:20  Zealot  
  170  14:28  Nexus  
  152  14:42  Nexus  
  152  14:45  Disruptor (Chrono Boost)  
  155  14:53  Colossus (Chrono Boost)  
  151  15:03  Disruptor (Chrono Boost)  
  154  15:11  Pylon  
  154  15:13  Pylon x2  
  154  15:20  Pylon  
  154  15:23  Zealot  
  156  15:36  High Templar x3  
  156  15:42  Archon  
  162  15:43  High Templar x3  
  162  15:48  Archon  
  168  15:50  Archon  
  168  15:54  Zealot x2  
  172  16:04  Stalker x2  
  172  16:09  Zealot, High Templar x2  
  182  16:14  Archon  
  182  16:20  Zealot x4  
  165  16:37  Stalker x4  
  155  16:52  Stalker  
  155  16:53  Dark Templar x2  
  152  17:12  Dark Templar  
  151  17:15  Nexus  
Show
View Real Time Build Order
Export as new Build Order

Clem Terran - Winner!

Build Orders:  

Get SALT Encoding   

  12  0:00  SCV  
  13  0:12  SCV  
  14  0:17  Supply Depot  
  14  0:24  SCV  
  15  0:39  SCV  
  15  0:41  Barracks  
  16  0:43  Refinery  
  16  0:51  SCV  
  17  1:03  SCV  
  18  1:15  SCV  
  19  1:27  Marine  
  19  1:28  Orbital Command  
  20  1:39  Command Center  
  20  1:51  Factory  
  20  1:54  SCV  
  21  2:02  Barracks Reactor  
  21  2:05  Supply Depot  
  21  2:08  SCV  
  22  2:14  Bunker  
  22  2:20  SCV  
  23  2:27  Refinery  
  23  2:32  SCV  
  26  2:37  Hellion  
  26  2:39  Starport  
  26  2:41  Marine  
  26  2:44  Marine  
  28  2:46  SCV  
  29  2:53  Orbital Command  
  29  2:58  SCV  
  29  3:01  Widow Mine  
  29  3:03  Marine  
  33  3:06  Marine  
  33  3:11  SCV  
  35  3:17  Medivac  
  37  3:20  SCV  
  37  3:22  Widow Mine  
  37  3:26  SCV  
  41  3:29  Barracks  
  41  3:31  Marine  
  42  3:34  Supply Depot  
  42  3:35  SCV  
  42  3:38  Marine  
  42  3:40  SCV  
  45  3:44  Factory Tech Lab  
  45  3:47  SCV  
  44  3:49  Marine  
  45  3:56  SCV, Viking, Marine  
  45  4:00  SCV  
  50  4:03  Cyclone  
  50  4:08  SCV  
  50  4:09  Supply Depot  
  52  4:14  Marine x2  
  54  4:18  Barracks Tech Lab  
  54  4:29  SCV  
  54  4:30  SCV  
  54  4:32  Marine  
  54  4:38  Stimpack, Marine  
  49  4:41  Starport Reactor  
  49  4:42  SCV x2  
  49  4:44  Factory Reactor, Engineering Bay, Barracks  
  52  4:48  Marine  
  52  4:49  Supply Depot  
  52  4:51  Marine  
  54  4:54  SCV x2  
  54  4:56  Refinery  
  54  4:59  Marine  
  57  5:03  Supply Depot  
  57  5:06  SCV x2  
  59  5:10  Terran Infantry Weapons Level 1  
  59  5:12  Supply Depot  
  59  5:15  Marine x2  
  59  5:18  SCV x2  
  62  5:23  Marine  
  62  5:24  Widow Mine  
  62  5:25  Widow Mine  
  67  5:30  SCV x2, Marine  
  67  5:31  Combat Shield  
  67  5:34  Missile Turret  
  67  5:35  Supply Depot  
  70  5:37  Marine x2  
  70  5:42  SCV x2, Refinery, Marine  
  74  5:44  Medivac  
  74  5:47  Medivac  
  74  5:48  Marine  
  80  5:52  Supply Depot, Widow Mine  
  80  5:54  SCV  
  80  5:55  Widow Mine  
  85  5:57  Marine x2  
  85  5:59  SCV  
  85  6:04  Missile Turret  
  88  6:06  SCV  
  88  6:08  Marine x2  
  91  6:18  Widow Mine x2, Medivac  
  95  6:21  Medivac  
  95  6:22  Marine  
  95  6:23  Marine  
  100  6:29  Marauder  
  100  6:30  Supply Depot  
  100  6:32  SCV  
  102  6:43  Marauder, SCV, Command Center  
  105  6:48  Marine x2  
  105  6:49  Widow Mine  
  105  6:53  Marauder  
  111  6:56  Widow Mine  
  113  7:03  Medivac  
  113  7:04  Supply Depot, Marine  
  113  7:05  Medivac  
  114  7:14  Marauder  
  109  7:16  Marine  
  109  7:17  Barracks  
  109  7:19  Barracks  
  109  7:20  Widow Mine  
  109  7:21  Marine  
  108  7:23  Widow Mine  
  108  7:26  Supply Depot  
  108  7:29  Marauder  
  112  7:31  SCV  
  112  7:34  Terran Infantry Armor Level 1  
  112  7:36  SCV  
  114  7:39  Marine  
  114  7:41  Marauder  
  117  7:45  SCV  
  117  7:47  Concussive Shells  
  117  7:48  Supply Depot  
  117  7:49  Marine  
  119  7:52  Widow Mine  
  119  7:53  Widow Mine  
  119  7:54  Marine  
  119  7:56  SCV  
  125  7:58  SCV  
  125  8:02  Orbital Command  
  125  8:06  Barracks Tech Lab, Barracks Reactor  
  125  8:08  SCV  
  125  8:09  Marine x2  
  125  8:11  Marauder, SCV  
  130  8:16  Widow Mine x2  
  134  8:21  Marauder  
  134  8:22  SCV  
  134  8:25  Marine  
  132  8:28  Marine  
  132  8:30  Marine  
  132  8:32  Marauder  
  132  8:34  Medivac  
  113  8:37  Widow Mine, Medivac  
  113  8:39  Widow Mine  
  118  8:41  Marine  
  118  8:43  Marine x2  
  118  8:44  Marine  
  118  8:46  Marine  
  118  8:48  Marine  
  124  8:50  Ghost Academy  
  124  8:51  Orbital Command  
  124  8:53  Marine  
  120  8:59  Widow Mine, Marine  
  120  9:01  Widow Mine  
  119  9:04  SCV  
  119  9:05  SCV  
  119  9:09  Marine x2  
  111  9:10  Marine  
  111  9:15  Marine  
  111  9:16  SCV  
  116  9:17  Armory  
  116  9:19  Ghost x2  
  116  9:21  Ghost, Orbital Command  
  116  9:23  SCV  
  121  9:29  Widow Mine x2  
  125  9:31  Marine  
  125  9:32  SCV  
  125  9:35  Marine  
  125  9:37  SCV  
  129  9:40  Marine x2  
  131  9:46  Supply Depot  
  131  9:48  SCV x2  
  131  9:52  Marine  
  133  9:53  Ghost  
  133  9:56  Ghost  
  138  10:02  Ghost  
  138  10:04  Marine x3  
  138  10:06  SCV  
  143  10:08  Supply Depot  
  143  10:09  SCV  
  143  10:12  Widow Mine  
  143  10:13  Widow Mine  
  148  10:14  SCV  
  148  10:17  Terran Infantry Weapons Level 2  
  149  10:24  Ghost  
  149  10:25  Engineering Bay  
  145  10:28  SCV x3  
  145  10:32  Marine x2  
  145  10:34  Marine  
  147  10:40  SCV  
  147  10:41  Marine  
  147  10:42  Marauder x2  
  152  10:43  SCV  
  153  10:50  Terran Infantry Armor Level 2  
  153  10:51  SCV  
  153  10:56  Ghost  
  156  11:02  Ghost  
  156  11:03  Medivac  
  160  11:04  Marine x3  
  160  11:06  SCV  
  157  11:12  Marine x2  
  157  11:14  SCV  
  157  11:15  Widow Mine  
  157  11:16  SCV  
  163  11:20  Widow Mine  
  163  11:25  Marine x2, Ghost  
  163  11:27  SCV  
  149  11:34  Marine  
  149  11:35  Marine  
  149  11:36  Widow Mine  
  147  11:42  Medivac  
  147  11:46  Marine  
  139  11:47  Marauder  
  128  12:08  Command Center  
  128  12:15  Marauder x3  
  134  12:16  Viking  
  134  12:21  Refinery  
  136  12:22  Refinery  
  136  12:30  Marine x3  
  136  12:34  Missile Turret  
  136  12:37  Marauder x2  
  143  12:39  Viking  
  145  12:47  Supply Depot, Marine  
  145  12:49  Viking  
  148  12:54  Starport, Marine x3  
  148  12:55  Marine  
  148  12:58  Supply Depot  
  152  13:05  Marauder x2  
  155  13:16  Viking  
  155  13:18  Terran Infantry Weapons Level 3  
  155  13:19  Marine x3  
  160  13:21  Terran Ship Weapons Level 1  
  160  13:26  SCV x3  
  163  13:32  Marine  
  164  13:37  Refinery  
  164  13:39  Viking  
  163  13:42  SCV x2, Refinery  
  163  13:44  SCV  
  159  13:54  SCV x2  
  162  13:58  Viking  
  162  14:00  Planetary Fortress  
  163  14:05  SCV  
  163  14:06  SCV  
  163  14:07  SCV  
  164  14:14  Terran Infantry Armor Level 3  
  164  14:16  Marine x2  
  166  14:19  Marauder  
  166  14:20  Marine  
  166  14:23  Viking  
  171  14:29  Viking  
  169  14:31  Marine  
  169  14:32  Viking  
  169  14:37  SCV  
  168  14:41  Missile Turret, Viking  
  168  14:44  SCV x2  
  172  14:46  Missile Turret  
  169  14:54  Viking  
  175  15:00  Marauder x3, Marine x2  
  175  15:01  Marine x2  
  128  15:07  Viking  
  180  15:10  Viking  
  188  15:21  Marauder  
  188  15:26  Barracks  
  188  15:27  Barracks  
  188  15:30  SCV x2, Barracks  
  188  15:31  SCV  
  188  15:44  Enhanced Shockwaves  
  188  15:50  Command Center  
  188  15:51  Missile Turret  
  188  15:55  Marine  
  188  15:56  Marine x2  
  162  15:57  Marauder  
  162  16:00  Marauder  
  162  16:02  Marine  
  162  16:03  Marauder  
  167  16:12  Liberator x2  
  167  16:15  Liberator  
  167  16:16  Barracks Tech Lab x2  
  167  16:18  Barracks Reactor, Marine  
  176  16:22  Marine  
  176  16:24  Marine  
  176  16:25  Marauder  
  180  16:30  Marauder  
  169  16:33  Ghost  
  169  16:34  Marine, Ghost  
  171  16:44  Marine x2  
  170  16:47  Marine  
  173  16:59  Marine x2  

Tags
 
Add a new tag
Caveats
  • Supply blocks, unpowered buildings, or Contaminate may cause inaccurate times.
  • Supply counts are checked every 10 seconds.